 Dungeon Crawl Stone Soup version 0.25.0-1-g7eea58d (webtiles) character file.

Game seed: 8771796670081044911

52 Dorkslayer the Insei (level 3, 0/27 HPs)
             Began as a Demigod Transmuter on June 27, 2020.
             Slain by an orc priest
             ... wielding a +0 short sword
              (2 damage)
             ... on level 3 of the Dungeon.
             The game lasted 00:07:55 (1407 turns).

Dorkslayer the Insei (Demigod Transmuter)           Turns: 1407, Time: 00:07:56

Health: 0/27       AC:  5    Str: 15    XL:     3   Next: 39%
Magic:  8/8        EV: 12    Int: 15    God:
Gold:   145        SH:  0    Dex: 16    Spells: 3/6 levels left

rFire    . . .     SeeInvis .   s - +1 short sword (drain)
rCold    . . .     Gourm    .   (no shield)
rNeg     . . .     Faith    .   h - +0 leather armour
rPois    .         Spirit   .   g - +0 helmet
rElec    .         Reflect  .   (no cloak)
rCorr    .         Harm     .   (no gloves)
MR       .....     Rnd*Rage +   f - +0 pair of boots (curse)
Stlth    ++........             (no amulet)
HPRegen  0.09/turn              o - ring of stealth
MPRegen  0.11/turn              (no ring)

@: stab
A: berserk 1, blurry vision 1, dopey 1, high mp 1, wild magic 1
a: no special abilities


You were on level 3 of the Dungeon.
You were not hungry.

You visited 1 branch of the dungeon, and saw 3 of its levels.

You collected 145 gold pieces.

Inventory:

Hand Weapons
 s - a +1 short sword of draining (weapon)
Missiles
 a - 11 arrows
 c - 11 sling bullets
Armour
 f - a cursed +0 pair of boots (worn)
 g - a +0 helmet (worn)
 h - a +0 leather armour (worn)
 p - a +0 plate armour
Jewellery
 o - a ring of stealth (left hand)
Scrolls
 b - a scroll of teleportation {unknown}
 e - 3 scrolls of amnesia {unknown}
 l - 2 scrolls of enchant armour
 n - 2 scrolls of noise {unknown}
 q - a scroll of remove curse {unknown}
 r - 2 scrolls of random uselessness {unknown}
 t - a scroll of identify
Comestibles
 d - 10 rations
 i - 3 chunks of flesh


   Skills:
 + Level 0.8 Fighting
 + Level 0.5 Armour
 + Level 2.0 Dodging
 * Level 0.6 Stealth
 + Level 3.5 Unarmed Combat
 * Level 2.1 Spellcasting
 * Level 2.0 Transmutations


You had 3 spell levels left.
You knew the following spells:

 Your Spells              Type           Power        Failure   Level  Hunger
a - Beastly Appendage     Tmut           #.....       17%         1    #......
b - Sticks to Snakes      Tmut           #.......     26%         2    ###....

Your spell library contained the following spells:

 Spells                   Type           Power        Failure   Level  Hunger
 Spider Form              Tmut/Pois      #.........   56%         3    ###....
 Ice Form                 Ice/Tmut       #.......     91%         4    #####..
 Blade Hands              Tmut           #.........   98%         5    ######.


Dungeon Overview and Level Annotations

Branches:
Dungeon (3/15)

Annotations:
D:3 Terence


Innate Abilities, Weirdness & Mutations

You have an increased reservoir of magic. (+10% MP)
You tend to lose your temper in combat.
Scrolls take you a little longer to read.
You are dopey. (Int -2)
Your spells are a little harder to cast, but a little more powerful.


Message History

You closely miss the orc.
The orc is severely wounded.
The orc barely misses you.
You hit the orc.
You kill the orc!
You hit the worm. You drain the worm.
The worm is heavily wounded.
The worm barely misses you.
You hit the worm but do no damage. You drain the worm.
The worm is heavily wounded.
You hit the worm. You drain the worm.
The worm is almost dead.
The worm misses you.
You puncture the worm!
You kill the worm!
Your Transmutations skill increases to level 2!
You barely miss the orc priest.
The orc priest is moderately wounded.
The orc priest hits you with a +0 short sword.
You die...

.... .... .?.
### #.. ...##..
# #.#.. .#
#...# ##..# #
#@#..o...
####.##o#.#....
#.....hr@.....#
..##...h..#.###
#.#..###
.....## ..#....
....... .......


You could see Terence, an orc priest (drained), 2 jackals and a rat.

Vanquished Creatures
  A worm (D:3)
  5 dart slugs
  A leopard gecko (D:1)
  2 orcs (D:3)
  2 giant cockroaches
  A goblin (D:1)
  3 hobgoblins
  6 kobolds
  A quokka (D:2)
  4 bats
  5 frilled lizards
  5 rats
36 creatures vanquished.

Notes
Turn   | Place    | Note
-------+----------+-------------------------------------------
     0 | D:1      | Dorkslayer the Demigod Transmuter began the quest for the
                  | Orb.
     0 | D:1      | Reached XP level 1. HP: 15/15 MP: 5/5
   468 | D:1      | Reached XP level 2. HP: 19/22 MP: 7/7
   478 | D:1      | Reached skill level 3 in Unarmed Combat
   622 | D:1      | Learned a level 2 spell: Sticks to Snakes
   931 | D:2      | Reached XP level 3. HP: 27/27 MP: 8/8
  1386 | D:3      | Gained mutation: Scrolls take you a little longer to read.
                  | [potion of mutation]
  1386 | D:3      | Gained mutation: You tend to lose your temper in combat.
                  | [potion of mutation]
  1386 | D:3      | Gained mutation: You are dopey. (Int -2) [potion of
                  | mutation]
  1386 | D:3      | Gained mutation: Your spells are a little harder to cast,
                  | but a little more powerful. [potion of mutation]
  1393 | D:3      | Noticed Terence
  1400 | D:3      | HP: 1/27 [orc/+0 club (1)]
  1407 | D:3      | Slain by an orc priest

Illustrated notes

Levels and vault maps discovered:
D:1:      saegor_arrival_miasma, layout_rooms
D:2:      layout_rooms, minmay_tetromino_o2
D:3:      minmay_roachtagon, layout_rooms, lemuel_round_altar, first_ration,
          uniq_natasha, uniq_ijyb, uniq_terence

Skill      XL: |  1  2  3 |
---------------+----------+-----
Spellcasting   | 2 |  2.1
Unarmed Combat | 3 |  3.5
Dodging        | 2 |  2.0
Transmutations | 2 |  2.0
Fighting       | |  0.8
Armour         | |  0.5
Stealth        | |  0.6

Action                   || total
-------------------------++-------
Melee: Unarmed           ||    80
       Club              ||    23
       Short sword       ||    35
       Punch             ||     1
 Cast: Sticks to Snakes  ||     1
       Beastly Appendage ||     1
  Use: Scroll            ||     3
       Potion            ||     3
 Stab: Sleeping          ||     3
  Eat: Chunk             ||     2
Armor: Chain mail        ||    26
       Robe              ||     9
       Leather armour    ||    19
Dodge: Dodged            ||    57
